 Dungeon Crawl Stone Soup version 0.30-a0-297-g0ec75d9ef4 (webtiles) character file.

Game seed: 4926871356203349046

79 lunkers the Shield-Bearer (level 4, -2/38 HPs)
             Began as a Meteoran Fighter on Oct 18, 2022.
             Slain by a hobgoblin (5 damage)
             ... led by Robin
             ... on level 3 of the Dungeon.
             The game lasted 00:01:25 (734 turns).

lunkers the Shield-Bearer (Meteoran Fighter)         Turns: 734, Time: 00:01:26

Health: -2/38      AC:  6    Str: 17    XL:     4   Next: 96%
Magic:  5/5        EV:  9    Int:  9    God:
Gold:   42         SH:  5    Dex: 16    Spells: 3/3 levels left

rFire   . . .      SeeInvis .    a - +2 dagger (speed)
rCold   . . .      Faith    .    c - +0 buckler
rNeg    . . .      Spirit   .    b - +0 scale mail
rPois   .          Reflect  .    (no helmet)
rElec   .          Harm     .    (no cloak)
rCorr   .          Rampage  .    (no gloves)
Will    .....                    (no boots)
Stlth   ..........               (no amulet)
HPRegen 0.26/turn                (no ring)
MPRegen 0.09/turn                (no ring)

@: glowing
A: sense surroundings 1, otherworldly, glowing, explore regen
a: no special abilities


You were on level 3 of the Dungeon.
You visited 1 branch of the dungeon, and saw 3 of its levels.

You collected 42 gold pieces.

Inventory:

Hand Weapons
 a - a +2 dagger of speed (weapon)
 h - a +0 long sword
 n - a +4 flail
Armour
 b - a +0 scale mail (worn)
 c - a +0 buckler (worn)
 k - a +0 plate armour
Jewellery
 e - an amulet of regeneration
Scrolls
 g - a scroll of teleportation {unknown}
 j - 5 scrolls of identify {unknown}
 l - a scroll of vulnerability {unknown}
 m - a scroll of poison {unknown}
Potions
 d - a potion of might
 f - a potion of curing {unknown}
 i - a potion of haste {unknown}


   Skills:
 - Level 3.2 Fighting
 + Level 3.4(4.1) Short Blades
 - Level 3.6(4.4) Long Blades
 - Level 3.6 Armour
 - Level 3.6 Shields


You had 3 spell levels left.
You didn't know any spells.
Your spell library contained the following spells:

 Spells                   Type           Power      Damage    Failure   Level
 Apportation              Tloc           0%         N/A       87%         1
 Necrotise                Necr           0%         1d4       87%         1
 Summon Small Mammal      Summ           0%         N/A       87%         1
 Gell's Gravitas          Tloc           0%         N/A       99%         3
 Lesser Beckoning         Tloc           0%         N/A       99%         3
 Teleport Other           Tloc           0%         N/A       99%         3


Dungeon Overview and Level Annotations

Branches:
Dungeon (3/15) Zot: 1116

Altars:

Annotations:
D:3 Robin


Innate Abilities, Weirdness & Mutations

You passively map a small area around you.
You are easily found by Zot.
You glow in the dark.
You regain HP and MP as you explore.


Message History

There is an open door here.
Things that are here:
a +0 dagger; a +0 club; a hobgoblin corpse You barely miss the hobgoblin.
The hobgoblin no longer looks unusually strong.
The hobgoblin hits you.
* * * LOW HITPOINT WARNING * * *
You hit the hobgoblin.
The hobgoblin is severely wounded.
You hit the hobgoblin.
You kill the hobgoblin!
The hobgoblin no longer looks unusually strong.
Robin roars a battlecry!
The goblins go into a battle-frenzy!
You hit the hobgoblin but do no damage. You closely miss the hobgoblin.
The goblin no longer looks unusually strong.
The hobgoblin hits you.
* * * LOW HITPOINT WARNING * * *
Robin throws the goblin at you!
You barely miss the hobgoblin. You block the hobgoblin's attack.
Robin roars a battlecry!
The goblin goes into a battle-frenzy!
The goblin closely misses you.
You closely miss the hobgoblin. You hit the goblin.
You kill the goblin!
The hobgoblin hits you.
* * * LOW HITPOINT WARNING * * *
Robin throws the goblin at you! The goblin hits you with a +0 club.
* * * LOW HITPOINT WARNING * * *
You hit the goblin.
The goblin is severely wounded.
You hit the goblin.
You kill the goblin!
The hobgoblin hits you.
* * * LOW HITPOINT WARNING * * *
You closely miss the hobgoblin. You barely miss the hobgoblin.
The hobgoblin hits you.
You die...

, , **** #. *.# * , , .#
.# , . ,......#* * *..
.# .. ** * #.....# #####
.#.# ... , #.....# #...#
...##.... #.....# #...#
#........ ,
#.....###...###))......*
#.....#.'...)@gg.......
,
#.....#.#...###....###.
####.....#.##### #....#
...')....'.# *##+++# * *
* ####.....###### * , ,
, ..............# ~, ,~,
, ....########.##, , ,
....# ### ,, ...## * , ,
~, ,


You could see Robin and a hobgoblin (strong).

Vanquished Creatures
  2 adders (D:2)
  A worm (D:2)
  A dart slug (D:2)
  An orc (D:2)
  4 bats
  5 endoplasms
  8 goblins (D:3)
  5 hobgoblins
  8 jackals (D:1)
  5 kobolds
  A quokka (D:2)
  3 ball pythons
  2 frilled lizards
  3 rats
49 creatures vanquished.

Notes
Turn   | Place    | Note
-------+----------+-------------------------------------------
     0 | D:1      | lunkers the Meteoran Fighter began the quest for the Orb.
     0 | D:1      | Reached XP level 1. HP: 19/19 MP: 2/2
    31 | D:1      | Reached XP level 2. HP: 25/26 MP: 3/3
   230 | D:1      | Reached XP level 3. HP: 27/31 MP: 4/4
   236 | D:1      | Reached skill level 1 in Short Blades
   557 | D:2      | Reached XP level 4. HP: 29/38 MP: 5/5
   695 | D:3      | Noticed Robin
   734 | D:3      | Slain by a hobgoblin

Illustrated notes

Levels and vault maps discovered:
D:1:      zaba_arrival_water, layout_basic, minmay_misc_feat_columns,
          minmay_cut_off
D:2:      layout_basic, minmay_tromino_i4
D:3:      layout_basic, nemelex_diamond_rough_becter,
          kennysheep_okawaru_gauntlet,
          dreamdust_ecumenical_altar_drowned_temple, kennysheep_cluttered_room,
          uniq_robin

Skill      XL: |  1  2  3  4 |
---------------+-------------+-----
Long Blades    | 3 |  3.6
Short Blades   | 2 3 |  3.4
Fighting       | |  3.2
Armour         | |  3.6
Shields        | |  3.6

Action                   |  1- 3 |  4- 6 || total
-------------------------+-------+-------++-------
Melee: Long sword        |    29 |       ||    29
       Dagger            |   105 |    60 ||   165
Armor: Scale mail        |    56 |    16 ||    72
Dodge: Dodged            |    29 |    14 ||    43
Block: Buckler           |    27 |    11 ||    38

Table legend: (Time is in decaauts)
 A = Elapsed time spent in this place.
 B = Non-inter-level travel time spent in this place.
 C = Inter-level travel time spent in this place.
 D = Time resting spent in this place.
 E = Time spent auto-exploring this place.
 F = Levels seen in this place.
 G = Mean time per level.
                   A        B        C        D        E       F      G
               +--------+--------+--------+--------+--------+-----+--------+
         Total |    683 |    648 |     35 |      0 |    410 |   3 |  227.7 |
       Dungeon |    683 |    648 |     35 |      0 |    410 |   3 |  227.7 |
               +--------+--------+--------+--------+--------+-----+--------+

Top non-repeatable levels by time:
     D:1: 323 daAuts
     D:2: 273 daAuts
     D:3: 86 daAuts
